 Dungeon Crawl Stone Soup version 0.19.1 (webtiles) character file.

28 Menchi the Charmwright (level 3, -1/28 HPs)
             Began as a Formicid Skald on Dec 17, 2016.
             Slain by a gnoll
             ... wielding a +0 whip
              (4 damage)
             ... on level 2 of the Dungeon.
             The game lasted 00:02:35 (712 turns).

Menchi the Charmwright (Formicid Skald)              Turns: 712, Time: 00:02:36

Health: -1/28      AC:  3    Str: 16    XL:     3   Next: 30%
Magic:  6/6        EV: 11    Int: 11    God:
Gold:   32         SH:  0    Dex: 11    Spells: 1 memorised, 5 levels left

rFire  x . .     SeeInvis +     a - +0 falchion
rCold  + . .     Gourm    .     b - +0 leather armour
rNeg   . . .     Faith    .     (no shield)
rPois  .         Spirit   .     (helmet unavailable)
rElec  .         Reflect  .     (no cloak)
rCorr  .         Harm     .     (no gloves)
MR     .....                    (no boots)
Stlth  +.........               (no amulet)
                                f - ring of ice
                                i - ring of flight

@: lethally poisoned (-1 -> -11)
A: permanent stasis, dig shafts and tunnels, four strong arms, antennae 3
a: Dig, Shaft Self, Evoke Flight


You were on level 2 of the Dungeon.
You were not hungry.

You visited 1 branch of the dungeon, and saw 2 of its levels.

You collected 32 gold pieces.

Inventory:

Hand Weapons
 a - a +0 falchion (weapon)
Armour
 b - a +0 leather armour (worn)
Jewellery
 f - a ring of ice (right hand)
 i - a ring of flight (left hand)
Scrolls
 g - 2 scrolls of identify {unknown}
 h - a scroll of fog {unknown}
 l - a scroll of amnesia {unknown}
Potions
 e - a potion of degeneration {unknown}
Books
 c - a book of Battle

   Spells                             Type                      Level
   a - Infusion                       Charms                       1
   b - Shroud of Golubria             Charms/Translocation         2
   c - Song of Slaying                Charms                       2
   d - Spectral Weapon                Hexes/Charms                 3
   e - Regeneration                   Charms/Necromancy            3
Comestibles
 d - 2 bread rations
 j - 2 chunks of flesh
 k - a beef jerky


   Skills:
 + Level 2.6 Fighting
 + Level 2.3 Long Blades
 * Level 1.5 Armour
 + Level 0.8 Dodging
 + Level 2.3 Spellcasting
 + Level 3.4 Charms


You had 5 spell levels left.
You knew the following spells:

 Your Spells              Type           Power        Failure   Level  Hunger
a - Infusion              Chrm           #...         12%         1    ##.....


Dungeon Overview and Level Annotations

Branches:
Dungeon (2/15)

Altars:


Innate Abilities, Weirdness & Mutations

You are under a permanent stasis effect.
You can dig through walls and to a lower floor.
Your four strong arms can wield two-handed weapons with a shield.
You have a pair of large antennae on your head. (SInv)


Message History

You extend your mandibles.
You dig through the rock wall.
The adder bites you.
The adder barely misses you. x2; You riposte.
You completely miss the adder.
You retract your mandibles.
You feel sick.
Found a faded altar of an unknown god.
The adder bites you but does no damage.
You feel sick. The adder bites you but does no damage.
A hobgoblin comes into view. It is wielding a club.
The adder bites you.
* * * LOW HITPOINT WARNING * * *
You are lethally poisoned!
The adder poisons you! The adder closely misses you.
Found a scale mail.
* * * LOW HITPOINT WARNING * * *
You feel sick. The adder bites you.
* * * LOW HITPOINT WARNING * * *
You are more poisoned.
The adder poisons you! The gnoll hits you with a whip.
You die...

....#......####.....
##..#..............#
##..#..............# #
...................###.#
....##.!............g..
..g.g{.##..g.....#....
##..##..#.......#_#.##.#
....###...g...gg.#...[..
........#..ggKSS@...#
##......#####+#####.....
##.###... #.## .... ....
# ######...# ..... $....


You could see 4 gnolls, 2 adders, 2 hobgoblins and a kobold.

Vanquished Creatures
  A dart slug (D:1)
  A leopard gecko (D:1)
  A ball python (D:1)
  2 giant cockroaches (D:1)
  5 goblins (D:1)
  3 hobgoblins (D:1)
  A kobold (D:1)
  3 bats (D:1)
  2 frilled lizards (D:1)
  4 rats (D:1)
23 creatures vanquished.

Notes
Turn   | Place    | Note
-------+----------+-------------------------------------------
     0 | D:1      | Menchi the Formicid Skald began the quest for the Orb.
     0 | D:1      | Reached XP level 1. HP: 16/16 MP: 3/3
    67 | D:1      | Reached XP level 2. HP: 19/23 MP: 5/5
   406 | D:1      | Reached XP level 3. HP: 28/28 MP: 6/6
   705 | D:2      | Found a faded altar of an unknown god.
   712 | D:2      | Slain by a gnoll

Action                   || total
-------------------------++-------
Melee: Falchion          ||    77
 Abil: Dig               ||     1
Armor: Leather armour    ||    29
Dodge: Dodged            ||    67
       Rpst.: Falchion   ||    22
